 Dungeon Crawl Stone Soup version 0.30-a0-557-ge2afbf3030 (webtiles) character file.

Game seed: 4074532900859639588

447 bmack86 the Chopper (level 6, -1/56 HPs)
             Began as a Minotaur Fighter on Dec 28, 2022.
             Slain by a lemure (4 damage)
             ... led by Pikel
             ... on level 5 of the Dungeon.
             The game lasted 00:11:11 (3845 turns).

bmack86 the Chopper (Minotaur Fighter)              Turns: 3845, Time: 00:11:12

Health: -1/56      AC:  7    Str: 23    XL:     6   Next: 73%
Magic:  5/5        EV:  9    Int:  5    God:
Gold:   240        SH:  4    Dex:  9    Spells: 5/5 levels left

rFire   + . .      SeeInvis .    a - +1 war axe
rCold   x . .      Faith    .    c - +0 buckler
rNeg    . . .      Spirit   .    b - +0 scale mail
rPois   .          Reflect  .    (helmet restricted)
rElec   .          Harm     .    (no cloak)
rCorr   .          Rampage  .    (no gloves)
Will    .....                    (no boots) Stlth
                                 (no amulet)
HPRegen 0.29/turn                n - ring of fire
MPRegen 0.09/turn                (no ring)

@: lethally poisoned (-1 -> -9)
A: horns 2, retaliatory headbutt
a: no special abilities


You were on level 5 of the Dungeon.
You visited 1 branch of the dungeon, and saw 5 of its levels.
You also visited: Sewer.

You collected 240 gold pieces.

Inventory:

Hand Weapons
 a - a +1 war axe (weapon)
Missiles
 g - 5 poisoned darts (quivered)
 o - 5 curare-tipped darts
Armour
 b - a +0 scale mail (worn)
 c - a +0 buckler (worn)
Jewellery
 e - a ring of fire
 n - a ring of fire (left hand)
 u - a ring of fire
Wands
 A - a wand of flame (20)
Scrolls
 h - a scroll of noise
 j - 2 scrolls of fear
 k - 5 scrolls of teleportation
 w - a scroll of poison
 x - a scroll of identify {unknown}
 y - a scroll of silence {unknown}
Potions
 d - 4 potions of might
 f - 2 potions of cancellation {unknown}
 i - 2 potions of curing {unknown}
 l - a potion of ambrosia {unknown}
 m - a potion of heal wounds
 p - a potion of invisibility {unknown}
 q - 2 potions of resistance {unknown}
 r - 2 potions of attraction {unknown}
 s - a potion of brilliance {unknown}
 t - a potion of degeneration {unknown}
 v - a potion of magic {unknown}
 z - a potion of experience {unknown}


   Skills:
 + Level 5.1 Fighting
 * Level 5.4 Axes
 + Level 2.2 Throwing
 + Level 5.0 Armour
 + Level 5.1 Shields


You had 5 spell levels left.
You didn't know any spells.
Your spell library contained the following spells:

 Spells                   Type           Power      Damage    Failure   Level
 Apportation              Tloc           0%         N/A       86%         1
 Necrotise                Necr           0%         1d4       86%         1
 Summon Small Mammal      Summ           0%         N/A       86%         1
 Blink                    Tloc           0%         N/A       94%         2
 Sublimation of Blood     Necr           0%         N/A       94%         2
 Wereblood                Tmut           0%         N/A       94%         2
 Manifold Assault         Tloc           0%         N/A       100%        4
 Storm Form               Tmut/Air       0%         N/A       100%        7
 Summon Hydra             Summ           0%         N/A       100%        7


Dungeon Overview and Level Annotations

Branches:
Dungeon (5/15)              Sewer (visited)
 Temple: D:4-7

Altars:
Dithmenos
Makhleb
Nemelex Xobeh
Uskayaw
Vehumet

Shops:
D:1 *[[(   D:5 !

Annotations:
D:5 Pikel, Sigmund


Innate Abilities, Weirdness & Mutations

You have a pair of horns on your head.
You reflexively headbutt those who attack you in melee.


Message History

A scorpion zombie, a centaur zombie and an adder zombie come into view.
Found a bubbling brown potion and 17 gold pieces.
Sigmund shouts!
A water moccasin zombie comes into view.
The lemure closely misses you.
A wyvern zombie comes into view.
Sigmund says, "Look into my eyes."
The lemure attacks as you move away! The lemure hits you but does no damage.
You see here a fizzy inky potion.
You block the lemure's attack. The lemure hits you. The lemure hits you.
The lemure attacks as you move away! The lemure hits you!
The lemure attacks as you move away! The lemure closely misses you.
Pikel zaps a wand.
The puff of flame hits you. You resist. The lemure hits you.
The lemure misses you. You furiously retaliate!
You headbutt the lemure, but do no damage.
The lemure attacks as you move away! The lemure hits you but does no damage.
The lemure attacks as you move away! The lemure hits you but does no damage.
Sigmund mumbles some strange words.
Sigmund flickers and vanishes!
Deactivating autopickup; reactivate with Ctrl-A.
The lemure barely misses you.
Pikel hits you with a +1 whip of flaming.
Pikel burns you. Something hits you!
You are poisoned.
* * * LOW HITPOINT WARNING * * *
You feel very sick. The lemure hits you.
* * * LOW HITPOINT WARNING * * *
The lemure hits you.
* * * LOW HITPOINT WARNING * * *
The lemure attacks as you move away! The lemure hits you but does no damage.
* * * LOW HITPOINT WARNING * * *
You feel very sick.
Pikel zaps a wand.
The puff of flame misses you.
There is a stone staircase leading down here.
* * * LOW HITPOINT WARNING * * *
You feel very sick. The lemure hits you.
You die...

............................#
.........##.....#..........#
...<.....##.....##........#
.........###.#.####.##....#
...........#.##.##...#...##
...............∩.∩.........
........................#...#
...............∩.∩##..#.##..#.
................@.##..........
#..............55K##.........
.........Z55#.......# .
<........#.Z.Z......#.$
........##...Z.........
........##............!
..#....#.....!.........
#.##...##....###....... ##..
#.#... .......


You could see Pikel, 4 lemures, an adder zombie, a water moccasin zombie, a
scorpion zombie and a centaur zombie.

Vanquished Creatures
  A scorpion (D:4)
  Crazy Yiuf (D:4)
  Natasha (thrice) (D:3)
  An iguana (D:3)
  Terence (D:3)
  An orc wizard (D:4)
  A hell rat (Sewer)
  5 adders
  6 river rats
  3 worms
  A dart slug (D:2)
  7 bats
  7 endoplasms
  3 giant cockroaches
  7 goblins
  5 hobgoblins
  2 jackals (D:3)
  2 kobolds (D:1)
  5 quokkas
  9 ball pythons
  6 frilled lizards
  14 rats
91 creatures vanquished.

Notes
Turn   | Place    | Note
-------+----------+-------------------------------------------
     0 | D:1      | bmack86 the Minotaur Fighter began the quest for the Orb.
     0 | D:1      | Reached XP level 1. HP: 19/19 MP: 0/0
    52 | D:1      | Found Plog's Antique Weapon Boutique.
   142 | D:1      | Reached XP level 2. HP: 27/27 MP: 1/1
   190 | D:1      | Found Plog's Armour Emporium.
   583 | D:1      | Found Lalix Tios's Assorted Antiques.
   641 | D:1      | Found Geitioc's Antique Armour Boutique.
   758 | D:2      | Reached XP level 3. HP: 29/33 MP: 2/2
  1408 | D:3      | Found a burning altar of Makhleb.
  1529 | D:3      | Noticed Terence
  1538 | D:3      | Killed Terence
  1539 | D:3      | Reached XP level 4. HP: 20/40 MP: 3/3
  1566 | D:3      | Reached skill level 1 in Throwing
  1601 | D:3      | Found a glowing drain.
  1635 | Sewer    | Entered a sewer
  1668 | Sewer    | Reached XP level 5. HP: 45/47 MP: 4/4
  2136 | D:3      | Noticed Natasha
  2141 | D:3      | Killed Natasha
  2372 | D:3      | Noticed Natasha
  2388 | D:3      | Killed Natasha
  2389 | D:3      | Reached XP level 6. HP: 55/55 MP: 5/5
  2516 | D:3      | Found a radiant altar of Vehumet.
  2572 | D:3      | Found a sparkling altar of Nemelex Xobeh.
  2671 | D:3      | Noticed Natasha
  2677 | D:3      | Killed Natasha
  2932 | D:4      | Found a hide-covered altar of Uskayaw.
  3005 | D:4      | Reached skill level 5 in Axes
  3097 | D:4      | Reached skill level 5 in Shields
  3110 | D:4      | Reached skill level 5 in Fighting
  3110 | D:4      | Reached skill level 5 in Armour
  3210 | D:4      | Found a shadowy altar of Dithmenos.
  3446 | D:4      | Found a runed translucent door.
  3447 | D:4      | Noticed Crazy Yiuf
  3687 | D:4      | Killed Crazy Yiuf
  3764 | D:5      | Entered Level 5 of the Dungeon
  3801 | D:5      | Found Moufag's Distillery.
  3831 | D:5      | Noticed Pikel
  3831 | D:5      | Noticed Sigmund
  3845 | D:5      | Slain by a lemure

Illustrated notes

Levels and vault maps discovered:
D:1:      lemuel_arrival_lava_pool, layout_loops_ring, serial_shops,
          nicolae_shop_trees, shop, nicolae_diamond_shop, shop
D:2:      layout_rooms, minmay_tetromino_t2
D:3:      layout_basic, lemuel_round_altar, lemuel_tele_altar,
          mainiacjoe_overflow_24_doors, lightli_sewer_entry_pipes,
          roderic_lattice_a, uniq_natasha, uniq_terence
D:4:      layout_rooms, grunt_dithmenos_smoke_and_mirrors,
          eat_drink_and_be_merry_uskayaw, st_stairs_11, minmay_strange_pillars,
          minivault_5, uniq_crazy_yiuf_cottage
D:5:      layout_cave_pools, trog_ov_bears_minmay,
          minmay_temple_entry_statues_pillars, serial_undead, serial_undead_e,
          serial_undead_d, serial_undead_b, serial_undead_f, serial_shops,
          nicolae_shop_competitors_out_of_business, nrook_pool_corridor,
          uniq_edmund, uniq_grinder, uniq_sigmund, uniq_pikel

Skill      XL: |  1  2  3  4  5  6 |
---------------+-------------------+-----
Axes           | 3 4 5 |  5.4
Fighting       | 4 5 |  5.1
Armour         | 4 5 |  5.0
Shields        | 4 5 |  5.1
Throwing       | 1 2 |  2.2

Action                   |  1- 3 |  4- 6 || total
-------------------------+-------+-------++-------
Melee: War axe           |    88 |   130 ||   218
       Headbutt          |    12 |    23 ||    35
Throw: Dart              |     3 |       ||     3
  Use: Scroll            |     7 |     2 ||     9
Armor: Scale mail        |    51 |    67 ||   118
Dodge: Dodged            |    55 |    64 ||   119
Block: Buckler           |    30 |    26 ||    56

Table legend: (Time is in decaauts)
 A = Elapsed time spent in this place.
 B = Non-inter-level travel time spent in this place.
 C = Inter-level travel time spent in this place.
 D = Time resting spent in this place.
 E = Time spent auto-exploring this place.
 F = Levels seen in this place.
 G = Mean time per level.
                   A        B        C        D        E       F      G
               +--------+--------+--------+--------+--------+-----+--------+
         Total |   3973 |   3801 |    172 |    244 |   2031 |   6 |  662.2 |
       Dungeon |   3613 |   3441 |    172 |     28 |   2031 |   5 |  722.6 |
         Sewer |    359 |    359 |      0 |    216 |      0 |   1 |  359.0 |
               +--------+--------+--------+--------+--------+-----+--------+

Top non-repeatable levels by time:
     D:3: 1407 daAuts
     D:4: 845 daAuts
     D:1: 772 daAuts
     D:2: 509 daAuts
   Sewer: 359 daAuts
     D:5: 78 daAuts
